 Dungeon Crawl Stone Soup version 0.31-a0-851-g7ff8af7976 (webtiles) character file.

Game seed: 1487656102411090982

61 lunkers the Insei (level 4, -7/35 HPs)
             Began as a Meteoran Shapeshifter on Oct 5, 2023.
             Was a Follower of Trog.
             Killed by divine providence
             ... invoked by an orc priest
              (14 damage)
             ... on level 3 of the Dungeon.
             The game lasted 00:02:34 (746 turns).

lunkers the Insei (Meteoran Shapeshifter)            Turns: 746, Time: 00:02:35

Health: -7/35      AC:  5    Str: 15    XL:     4   Next: 51%
Magic:  5/5        EV: 11    Int: 11    God:    Trog [*.....]
Gold:   65         SH:  0    Dex: 16    Spells: 3/3 levels left

rFire   . .          .
                       - Unarmed
rCold   . . .        (no shield)
rNeg    . . .        e - +0 ring mail
rPois   .            (helmet currently unavailable)
rElec   .            (cloak currently unavailable)
rCorr   .            (gloves currently unavailable)
SInv    .            (boots currently unavailable)
Will    .....        (no amulet)
Stlth   +            (no ring)
HPRegen 0.25/turn    (no ring)
MPRegen 0.09/turn

%: no passive effects
@: beast-form, glowing
A: beast (slay +2), sense surroundings 1, otherworldly, glowing, explore regen
a: Begin Untransformation, Renounce Religion, Berserk


You were on level 3 of the Dungeon.
You worshipped Trog.
Trog was aware of your devotion.
You were a hulking beast.
You visited 1 branch of the dungeon, and saw 3 of its levels.

You collected 65 gold pieces.

Inventory:

Armour
 a - a +0 animal skin
 e - a +0 ring mail (worn)
Jewellery
 k - a ring of ice
Talismans
 c - a beast talisman (active)
 d - a flux talisman
Scrolls
 j - 4 scrolls of poison {unknown}
Potions
 b - 3 potions of lignification
 f - a potion of heal wounds
 g - a potion of enlightenment
 h - a potion of haste {unknown}
 i - a potion of mutation {unknown}


   Skills:
 - Level 1.1 Fighting
 - Level 2.1 Dodging
 * Level 5.2 Unarmed Combat
 + Level 4.3 Shapeshifting


You had 3 spell levels left.
You didn't know any spells.
Your spell library contained the following spells:

 Spells                   Type           Power      Damage    Failure   Level
 Dazzling Flash           Conj/Hex       0%         N/A       91%         3
 Agony                    Necr           0%         N/A       100%        5
 Silence                  Hex/Air        0%         N/A       100%        5


Dungeon Overview and Level Annotations

Branches:
Dungeon (3/15) Zot: 1062

Altars:
Trog


Innate Abilities, Weirdness & Mutations

You are a hulking beast.
Your limbs bulge with bestial killing power. (Slay +2)
You passively map a small area around you.
You are easily found by Zot.
You glow in the dark.
You regain HP and MP as you explore.


Message History

The orc shouts! x2
You see here a white potion.
The orc wizard hits you with a +0 dagger.
You hit the orc wizard.
The orc wizard is moderately wounded.
The orc wizard mumbles some strange words.
The orc wizard flickers and vanishes!
Deactivating autopickup; reactivate with Ctrl-A.
The orc barely misses you. The orc closely misses you.
You completely miss the orc.
The orc hits you from afar with a +2 trident of freezing!
The orc freezes you. The orc closely misses you.
Something hits you but does no damage.
You hit the orc.
The orc is heavily wounded.
You hear some strange, mumbled words.
A puff of flame appears from out of thin air!
The puff of flame hits you!
* * * LOW HITPOINT WARNING * * *
The orc completely misses you. The orc misses you.
You are too injured to fight recklessly!
You are too injured to fight recklessly!
You are too injured to fight recklessly!
You hit the orc.
You kill the orc!
Trog accepts your kill.
Unknown command.
You see here a white potion.
The orc hits you from afar with a +2 trident of freezing!
* * * LOW HITPOINT WARNING * * *
The orc freezes you.
* * * LOW HITPOINT WARNING * * *
The orc priest barely misses you.
You see here a white potion.
You barely miss the orc priest. The orc misses you.
You hit the orc priest.
The orc priest is lightly wounded.
The orc priest invokes the aid of Beogh against you.
Beogh smites you!
You die...

#......#....#..
#......#....#..
#......#.)..###
####......#....#
#.........'....#
#.##......######
#.######### #.#
#h# *#o#* #{o).#
#....# #....#
#....# #(...#
##+### *


You could see an orc priest and an orc.

Vanquished Creatures
  2 adders (D:2)
  A worm (D:2)
  A dart slug (D:1)
  An orc (D:3)
  3 endoplasms
  A giant cockroach (D:1)
  4 hobgoblins (D:1)
  3 jackals (D:2)
  4 kobolds
  A quokka (D:1)
  A ball python (D:2)
  6 bats
  3 frilled lizards
  4 goblins
  A rat (D:1)
36 creatures vanquished.

Notes
Turn   | Place    | Note
-------+----------+-------------------------------------------
     0 | D:1      | lunkers the Meteoran Shapeshifter began the quest for the
                  | Orb.
     0 | D:1      | Reached XP level 1. HP: 16/16 MP: 2/2
    55 | D:1      | Reached XP level 2. HP: 22/23 MP: 3/3
    60 | D:1      | Reached skill level 4 in Unarmed Combat
   175 | D:1      | Reached XP level 3. HP: 25/28 MP: 4/4
   451 | D:2      | Reached XP level 4. HP: 35/35 MP: 5/5
   517 | D:2      | Reached skill level 5 in Unarmed Combat
   598 | D:2      | Found a faded altar of an unknown god.
   605 | D:2      | Prayed at the altar of an unknown god.
   605 | D:2      | Became a worshipper of Trog the Wrathful
   605 | D:2      | Reached * piety under Trog
   746 | D:3      | Killed from afar by an orc priest

Illustrated notes

Levels and vault maps discovered:
D:1:      evilmike_arrival_plus, layout_basic
D:2:      layout_basic, shapermc_ecumenical_altar_mp_urbaneastern
D:3:      layout_basic, mainiacjoe_overflow_tiny_flanked,
          mainiacjoe_overflow_boulevard, serial_shops, nicolae_shop_dealshenge

Skill      XL: |  1  2  3  4 |
---------------+-------------+-----
Unarmed Combat | 4 5 |  5.2
Shapeshifting  | 4 |  4.3
Fighting       | |  1.1
Dodging        | |  2.1

Action                     |  1- 3 |  4- 6 || total
---------------------------+-------+-------++-------
  Melee: Unarmed           |    65 |    33 ||    98
         Punch             |     2 |       ||     2
    Use: Scroll            |     2 |       ||     2
 Armour: Animal skin       |     7 |       ||     7
         Ring mail         |    28 |    23 ||    51
  Dodge: Dodged            |    55 |    16 ||    71

Table legend: (Time is in decaauts)
 A = Elapsed time spent in this place.
 B = Non-inter-level travel time spent in this place.
 C = Inter-level travel time spent in this place.
 D = Time resting spent in this place.
 E = Time spent auto-exploring this place.
 F = Levels seen in this place.
 G = Mean time per level.
                   A        B        C        D        E       F      G
               +--------+--------+--------+--------+--------+-----+--------+
         Total |    736 |    736 |      0 |      0 |    485 |   3 |  245.3 |
       Dungeon |    736 |    736 |      0 |      0 |    485 |   3 |  245.3 |
               +--------+--------+--------+--------+--------+-----+--------+

Top non-repeatable levels by time:
     D:2: 319 daAuts
     D:1: 313 daAuts
     D:3: 103 daAuts
